 Dungeon Sprint DCSS version 0.27-a0-597-g524d869a0f (webtiles) character file.

Game seed: 14489642938938682897

14399 mhtbhm the Severer (level 11, -5/172 HPs)
             Began as a Minotaur Fighter on Mar 12, 2021.
             Was the Champion of Trog.
             Slain by an orc knight
             ... wielding a +0 war axe
              (9 damage)
             ... while paralysed by a vampire knight
             ... in the Dungeon (Sprint VII: "The Pits").
             The game lasted 00:04:30 (2543 turns).

mhtbhm the Severer (Minotaur Fighter)               Turns: 2543, Time: 00:04:31

Health: -5/172     AC: 11    Str: 23    XL:     11   Next: 88%
Magic:  10/10      EV:  2    Int:  8    God:    Trog [******]
Gold:   0          SH:  0    Dex: 14    Spells: 10/10 levels left

rFire    . . .     SeeInvis .   a - +5 war axe (vorpal)
rCold    . . .     Faith    .   c - +0 kite shield
rNeg     . . .     Spirit   .   b - +0 swamp dragon scales
rPois    +         Reflect  .   (helmet restricted)
rElec    .         Harm     .   (no cloak)
rCorr    .         Rampage  .   (no gloves)
Will     .....     NoTele   +   (no boots)
Stlth    ..........             (no amulet)
HPRegen  0.38/turn              m - +3 ring of dexterity
MPRegen  0.12/turn              n - +3 ring of intelligence

@: paralysed, berserking
A: horns 2, retaliatory headbutt
a: Renounce Religion, Berserk, Trog's Hand, Brothers in Arms


You were in the Dungeon.
You worshipped Trog.
Trog was exalted by your worship.
You visited 1 branch

Inventory:

Hand Weapons
 a - a +5 vorpal war axe (weapon)
Armour
 b - +0 swamp dragon scales (worn)
 c - a +0 kite shield (worn)
Jewellery
 m - a +3 ring of dexterity (right hand)
 n - a +3 ring of intelligence (left hand)
Scrolls
 j - a scroll of blinking
 l - a scroll of summoning
Potions
 d - a potion of might
 e - 9 potions of curing
 f - 12 potions of heal wounds
 g - 2 potions of haste
 h - 4 potions of magic
 i - 3 potions of berserk rage
 k - 2 potions of invisibility


   Skills:
 + Level 16.5 Fighting
 + Level 19.6 Axes
 + Level 14.9 Armour
 + Level 7.7 Dodging
 - Level 4.0 Stealth
 + Level 15.8 Shields


You had 10 spell levels left.
You didn't know any spells.
Your spell library was empty.

Dungeon Overview and Level Annotations

Branches:
Dungeon (1/1)

Altars:
Ashenzari
Cheibriados
Dithmenos
Elyvilon
Fedhas
Gozag
Hepliaklqana
Kikubaaqudgha
Makhleb
Nemelex Xobeh
Okawaru
Qazlal
Ru
Sif Muna
Trog
Uskayaw
Vehumet
Wu Jian
Xom
Yredelemnul
Zin
The Shining One
Beogh
Jiyva
Lugonu


Innate Abilities, Weirdness & Mutations

You have a pair of horns on your head.
You reflexively headbutt those who attack you in melee.


Message History

You slash the orc knight! You slice the fire elemental!!
You slice the deep elf pyromancer!!
You kill the deep elf pyromancer!
Trog accepts your kill. Something appears at your feet!
You see here a +3 antimagic demon whip.
Trog grants you a weapon!
Trog appreciates your killing of a magic user.
The fire elemental disappears in a puff of smoke! x2
The orc high priest utters an invocation to Beogh.
Unknown command.
You slice the vampire knight!!
You headbutt the vampire knight, but do no damage.
The vampire knight is severely damaged.
You hit the orc knight. You block the orange demon's attack.
The orc knight hits you with a +0 war axe!
You slash the vampire knight! You headbutt the vampire knight.
The vampire knight is almost destroyed.
You slash the orc knight!
The vampire knight points at you and mumbles some strange words.
You suddenly lose the ability to move!
The red devil hits you from afar with a +0 trident of pain!
The orange demon stings you from afar.
* * * LOW HITPOINT WARNING * * *
The orc knight hits you but does no damage.
The vampire knight hits you with a +0 battleaxe!!
* * * LOW HITPOINT WARNING * * *
The vampire knight bites you but does no damage.
The orc high priest hits you but does no damage.
The red devil hits you from afar with a +0 trident of pain!
* * * LOW HITPOINT WARNING * * *
You writhe in agony.
* * * LOW HITPOINT WARNING * * *
The orange demon stings you from afar.
* * * LOW HITPOINT WARNING * * *
Something hits you but does no damage.
Deactivating autopickup; reactivate with Ctrl-A.
The orc hits you from afar with a +0 trident.
* * * LOW HITPOINT WARNING * * *
The orc knight hits you with a +0 war axe!
You die...

##################
######### #### ##
#...+....###...# ..##
#...###...#...# ...#
+).†+.##.....#### ...# #
##)##..##...##..##..##..
#...##..+...#.4..4.....
.....#..#...#†)4)#..#...
÷....÷).)...'.)o@V......
.....#..#)..#†○)o#..#...
#...##..+...#....o.....
##'##..##...##..##..##..
+.†.+.##.....#### ...# #
#...###...#...# ...#
#...+....###...# ..##
######### #### ##


You could see a vampire knight, an orc knight, an orc high priest (strong), an
orange demon (summoned), a rust devil (summoned), a red devil (summoned) and an
orc (strong).

Vanquished Creatures
  An emperor scorpion (D)
  A death knight (D)
  A two-headed ogre (D)
  A death yak (D)
  An unseen horror (D)
  A deep troll (D)
  A swamp dragon (D)
  A sea snake (D)
  3 deep elf pyromancers (D)
  A lindwurm (D)
  A manticore (D)
  A gargoyle (D)
  A cane toad (D)
  A smoke demon (D)
  An orange demon (D)
  A komodo dragon (D)
  A demonic crawler (D)
  A freezing wraith (D)
  2 ice devils (D)
  A red devil (D)
  A guardian mummy (D)
  A troll (D)
  3 blink frogs (D)
  A wind drake (D)
  3 redbacks (D)
  A fire bat (D)
  A tarantella (D)
  2 yaks (D)
  A wyvern (D)
  A basilisk (D)
  A neqoxec (D)
  Menkaure (D)
  A floating eye (D)
  A swamp drake (D)
  3 orc warriors (D)
  An ice beast (D)
  An eye of draining (D)
  A sky beast (D)
  2 necrophages (D)
  An ogre (D)
  2 phantoms (D)
  2 bullfrogs (D)
  A scorpion (D)
  3 killer bees (D)
  5 wights (D)
  A crimson imp (D)
  2 orc priests (D)
  An orc wizard (D)
  A worker ant (D)
  A river rat (D)
  A white imp (D)
  2 ufetubi (D)
  An ooze (D)
  An adder skeleton (D)
  8 orcs (D)
  A ball python (D)
  A giant cockroach (D)
  2 goblins (D)
  A quokka (D)
  A ball python zombie (D)
  A bat (D)
90 creatures vanquished.

Vanquished Creatures (others)
  A polar bear (D)
1 creature vanquished.

Grand Total: 91 creatures vanquished

Notes
Turn   | Place    | Note
-------+----------+-------------------------------------------
     0 | D        | mhtbhm the Minotaur Fighter began the quest for the Orb.
     0 | D        | Reached XP level 1. HP: 19/19 MP: 0/0
    16 | D        | Found a bloodstained altar of Trog.
    16 | D        | Found a shimmering blue altar of Sif Muna.
    16 | D        | Found a viscous altar of Jiyva.
    16 | D        | Found a hazy altar of Hepliaklqana.
    16 | D        | Found an opulent altar of Gozag.
    17 | D        | Found a glowing golden altar of the Shining One.
    17 | D        | Found a glowing silver altar of Zin.
    17 | D        | Found a basalt altar of Yredelemnul.
    17 | D        | Found a shimmering altar of Xom.
    17 | D        | Found an ornate altar of the Wu Jian Council.
    17 | D        | Found a sacrificial altar of Ru.
    17 | D        | Found a stormy altar of Qazlal.
    17 | D        | Found an iron altar of Okawaru.
    17 | D        | Found a sparkling altar of Nemelex Xobeh.
    17 | D        | Found a burning altar of Makhleb.
    17 | D        | Found a blossoming altar of Fedhas.
    17 | D        | Found a white marble altar of Elyvilon.
    17 | D        | Found a shadowy altar of Dithmenos.
    17 | D        | Found a snail-covered altar of Cheibriados.
    20 | D        | Found a corrupted altar of Lugonu.
    20 | D        | Found a radiant altar of Vehumet.
    21 | D        | Became a worshipper of Trog the Wrathful
    64 | D        | Noticed a worker ant
    68 | D        | Reached * piety under Trog
    69 | D        | Reached XP level 2. HP: 25/28 MP: 1/1
    71 | D        | Reached skill level 5 in Fighting
    71 | D        | Reached skill level 3 in Axes
    71 | D        | Reached skill level 5 in Armour
    71 | D        | Reached skill level 5 in Shields
    71 | D        | Reached XP level 3. HP: 23/36 MP: 2/2
   264 | D        | Reached ** piety under Trog
   435 | D        | Noticed a phantom
   437 | D        | Noticed a floating eye
   439 | D        | Reached *** piety under Trog
   440 | D        | Reached skill level 4 in Axes
   440 | D        | Reached XP level 4. HP: 45/45 MP: 3/3
   440 | D        | Paralysed by a floating eye for 4 turns
   441 | D        | Reached skill level 5 in Axes
   441 | D        | Reached skill level 1 in Dodging
   441 | D        | Reached XP level 5. HP: 52/52 MP: 4/4
   446 | D        | Reached skill level 6 in Axes
   446 | D        | Killed a floating eye
   446 | D        | Reached **** piety under Trog
   447 | D        | Reached skill level 7 in Axes
   447 | D        | Reached XP level 6. HP: 62/62 MP: 5/5
   449 | D        | Reached skill level 8 in Axes
   449 | D        | Reached skill level 10 in Armour
   462 | D        | Reached XP level 7. HP: 51/70 MP: 6/6
   462 | D        | Reached ***** piety under Trog
   463 | D        | Reached skill level 9 in Axes
   508 | D        | Reached skill level 1 in Stealth
   508 | D        | Reached skill level 10 in Shields
   510 | D        | Noticed a deep elf pyromancer
   512 | D        | Noticed a fire elemental
   514 | D        | Noticed a fire elemental
   514 | D        | Noticed a fire elemental
   518 | D        | Killed a deep elf pyromancer
   518 | D        | Received a gift from Trog
   519 | D        | Reached skill level 10 in Fighting
   519 | D        | Reached skill level 10 in Axes
   519 | D        | Reached XP level 8. HP: 80/80 MP: 7/7
   637 | D        | Reached skill level 11 in Axes
   641 | D        | Noticed a troll
   648 | D        | Killed a troll
   648 | D        | Received a gift from Trog
   649 | D        | Reached skill level 12 in Axes
   758 | D        | Found a hide-covered altar of Uskayaw.
   758 | D        | Found an ancient bone altar of Kikubaaqudgha.
   758 | D        | Found a broken altar of Ashenzari.
   785 | D        | Noticed a deep troll
   785 | D        | Noticed a manticore
   793 | D        | Killed a deep troll
   794 | D        | Reached skill level 13 in Axes
   794 | D        | Reached XP level 9. HP: 89/89 MP: 8/8
   795 | D        | Killed a manticore
   843 | D        | Noticed a sea snake
   843 | D        | Noticed a deep elf pyromancer
   843 | D        | Noticed an ice devil
   852 | D        | Killed an ice devil
   853 | D        | Reached skill level 14 in Axes
   853 | D        | Reached skill level 5 in Dodging
   863 | D        | Killed a deep elf pyromancer
   868 | D        | Killed a sea snake
   868 | D        | Received a gift from Trog
   869 | D        | Reached skill level 15 in Axes
  1143 | D        | Noticed a smoke demon
  1144 | D        | Noticed a wind drake
  1152 | D        | Killed a smoke demon
  1152 | D        | Killed a wind drake
  1153 | D        | Reached XP level 10. HP: 81/97 MP: 9/9
  1289 | D        | Reached skill level 16 in Axes
  1407 | D        | Noticed a swamp dragon
  1409 | D        | Reached ****** piety under Trog
  1414 | D        | Received a gift from Trog
  1419 | D        | Killed a swamp dragon
  1665 | D        | Noticed a death yak
  1680 | D        | Killed a death yak
  1681 | D        | Reached skill level 17 in Axes
  1798 | D        | Noticed a gargoyle
  1807 | D        | Killed a gargoyle
  2050 | D        | Noticed an orange demon
  2058 | D        | Killed an orange demon
  2058 | D        | Received a gift from Trog
  2066 | D        | Noticed a lindwurm
  2071 | D        | Killed a lindwurm
  2072 | D        | Reached XP level 11. HP: 83/108 MP: 10/10
  2160 | D        | Noticed a two-headed ogre
  2168 | D        | Reached skill level 18 in Axes
  2170 | D        | Killed a two-headed ogre
  2221 | D        | Noticed an emperor scorpion
  2221 | D        | Noticed a death knight
  2223 | D        | Killed an unseen horror
  2223 | D        | Received a gift from Trog
  2226 | D        | Killed a death knight
  2236 | D        | Reached skill level 15 in Fighting
  2239 | D        | Killed an emperor scorpion
  2239 | D        | Received a gift from Trog
  2240 | D        | Reached skill level 19 in Axes
  2240 | D        | Reached skill level 15 in Shields
  2500 | D        | Noticed Menkaure
  2501 | D        | Noticed a deep elf pyromancer
  2503 | D        | Killed Menkaure
  2510 | D        | Noticed an orc high priest
  2515 | D        | Noticed a vampire knight
  2517 | D        | Received a gift from Trog
  2528 | D        | Noticed an orc knight
  2529 | D        | Received a gift from Trog
  2539 | D        | Killed a deep elf pyromancer
  2539 | D        | Received a gift from Trog
  2541 | D        | Paralysed by a vampire knight for 5 turns
  2543 | D        | HP: 4/172 [orc/+0 trident[an orc knight] (6)]
  2543 | D        | Slain by an orc knight

Illustrated notes

Levels and vault maps discovered:
D:        pitsprint [storerooms_1, entrance_room_1, metal_vault_6, armoury_1,
          mini_pit_1, grid_room_1, main_hall_1, silver_pit, the_coven_2,
          the_vestibule_1, steel_vault_1, golden_pit, hallway_of_sentries,
          crystal_vault_4, iron_vault_3, final_vault]

Skill      XL: |  1  2  3  4  5  6  7  8  9 10 11 |
---------------+----------------------------------+-----
Fighting       | 4 5 6 7 8 9 10 11 12 13 16 | 16.5
Armour         | 4 5 6 7 9 10 11 12 13 14 | 14.9
Shields        | 4 5 6 7 8 9 10 11 13 14 15 | 15.8
Axes           | 3 4 5 7 8 10 13 15 17 19 | 19.6
Dodging        | 1 2 3 4 5 6 7 |  7.7
Stealth        | 1 2 4 |  4.0

Action                   |  1- 3 |  4- 6 |  7- 9 | 10-12 || total
-------------------------+-------+-------+-------+-------++-------
Melee: Hand axe          |    21 |    14 |    31 |       ||    66
       Headbutt          |     4 |     3 |    14 |    26 ||    47
       War axe           |     1 |       |    34 |   122 ||   157
Invok: Berserk           |     1 |       |     5 |     4 ||    10
 Stab: Confused          |       |       |       |     1 ||     1
Armor: Scale mail        |    10 |       |       |       ||    10
       Chain mail        |     1 |    20 |    10 |       ||    31
       Plate armour      |       |       |    20 |     5 ||    25
       Swamp dragon scal |       |       |       |    17 ||    17
Dodge: Dodged            |    13 |     3 |    14 |    28 ||    58
Block: Kite shield       |    15 |    10 |    38 |    68 ||   131

Table legend: (Time is in decaauts)
 A = Elapsed time spent in this place.
 B = Non-inter-level travel time spent in this place.
 C = Inter-level travel time spent in this place.
 D = Time resting spent in this place.
 E = Time spent auto-exploring this place.
 F = Levels seen in this place.
 G = Mean time per level.
                   A        B        C        D        E       F      G
               +--------+--------+--------+--------+--------+-----+--------+
         Total |   2570 |   2570 |      0 |   1728 |    179 |   1 | 2570.0 |
       Dungeon |   2570 |   2570 |      0 |   1728 |    179 |   1 | 2570.0 |
               +--------+--------+--------+--------+--------+-----+--------+

Top non-repeatable levels by time:
       D: 2570 daAuts
